 Dungeon Crawl Stone Soup version 0.17-a0-1497-g03599f7 (webtiles) character file.

81 mrath the Poker (level 4, -2/34 HPs)
             Began as a Merfolk Gladiator on July 6, 2015.
             Was an Initiate of Okawaru.
             Shot with an arrow by a centaur (10 damage)
             ... on level 3 of the Dungeon.
             The game lasted 00:23:24 (2180 turns).

mrath the Poker (Merfolk Gladiator)                 Turns: 2180, Time: 00:23:24

Health: -2/34      AC:  6    Str: 16    XL:     4   Next: 42%
Magic:  4/4        EV: 14    Int:  7    God:    Okawaru [......]
Gold:   65         SH:  0    Dex: 14    Spells: 0 memorised, 3 levels left

rFire  . . .     SeeInvis .     a - +0 trident
rCold  . . .     Clarity  .     b - +0 leather armour
rNeg   . . .     SustAt   .     (no shield)
rPois  .         Gourm    .     c - +0 helmet
rElec  .         Spirit   .     r - +1 cloak
rCorr  .         Warding  .     (no gloves)
rMut   .         Stasis   .     (no boots)
MR     .....                    m - amulet of faith
Stlth  +.........               (no ring)
                                (no ring)

@: not resistant to hostile enchantments, very unstealthy
A: change form in water, swift swim
a: Renounce Religion


You were on level 3 of the Dungeon.
You worshipped Okawaru.
Okawaru was noncommittal.
You were not hungry.

You visited 1 branch of the dungeon, and saw 3 of its levels.

You collected 65 gold pieces.

Inventory:

Hand weapons
 a - a +0 trident (weapon)
Missiles
 d - 3 throwing nets
 g - 36 stones (quivered)
 j - 63 bolts
 k - 77 arrows
 n - 6 curare-tipped needles
Armour
 b - a +0 leather armour (worn)
 c - a +0 helmet (worn)
 q - a +0 scale mail
 r - a +1 cloak (worn)
Jewellery
 m - an amulet of faith (around neck)
Scrolls
 i - 2 scrolls of magic mapping
 o - a scroll of fog
Comestibles
 e - 3 bread rations
 f - a chunk of flesh
 h - 3 beef jerkies
 p - a meat ration


   Skills:
 + Level 2.5 Fighting
 + Level 5.1 Polearms
 + Level 2.8 Throwing
 + Level 0.8 Armour
 + Level 4.9 Dodging
 + Level 0.5 Stealth


You had 3 spell levels left.
You didn't know any spells.

Dungeon Overview and Level Annotations

Branches:
Dungeon (3/15)

Altars:
Okawaru
Ru


Message History

The centaur shoots an arrow.
The arrow hits you.
The giant newt moves out of view.
Throwing (i - inventory. (,) - cycle):
g - 39 stones (quivered)
Press: ? - help, Shift-Dir - straight line, f/p - centaur
Aim: a centaur, wielding a shortbow You throw a stone.
The stone barely misses the centaur.
The stone closely misses the giant cockroach.
The centaur shoots an arrow.
The arrow hits you.
The centaur moves out of view.
Throwing (i - inventory. (,) - cycle):
g - 38 stones (quivered)
Press: ? - help, Shift-Dir - straight line, f - kobold
Aim: a kobold, wielding a club You throw a stone.
The stone closely misses the kobold.
Throwing (i - inventory. (,) - cycle):
g - 37 stones (quivered)
Press: ? - help, Shift-Dir - straight line, f/p - kobold
Aim: a kobold, wielding a club You throw a stone.
The stone closely misses the kobold.
The centaur shoots an arrow.
The arrow hits you!
* * * LOW HITPOINT WARNING * * *
The centaur shoots an arrow.
The arrow hits you!
You die...

(# . . . #s .# (. .
##.##. # #..##.
####...... #..# ...c#
#....##.# #..
#K.##.......# ###
#..(@.....#
#.###...<.## #
#.)....####### #
#....#..#....# #.
#....##.#....#
#..[...#.##..###.#....#
#......#..>..#
#......####
#........##..#
###........
#......#.##.##
#....#...


You could see a centaur and a kobold.

Vanquished Creatures
  A gnoll (D:1)
  2 adders (D:2)
  An ooze (D:2)
  A worm (D:2)
  2 giant geckos
  5 bats
  4 giant cockroaches
  11 hobgoblins
  4 giant newts
  3 goblins
  4 kobolds (D:1)
  11 rats
49 creatures vanquished.

Notes
Turn   | Place    | Note
--------------------------------------------------------------
     0 | D:1      | mrath the Merfolk Gladiator began the quest for the Orb.
     0 | D:1      | Reached XP level 1. HP: 16/16 MP: 1/1
   230 | D:1      | Reached XP level 2. HP: 22/22 MP: 2/2
   698 | D:1      | Reached skill level 5 in Polearms
   729 | D:1      | Reached XP level 3. HP: 9/28 MP: 3/3
  1091 | D:2      | Found a sacrificial altar of Ru.
  1191 | D:2      | Found an iron altar of Okawaru.
  1212 | D:2      | Became a worshipper of Warmaster Okawaru
  1446 | D:2      | Reached XP level 4. HP: 34/34 MP: 4/4
  2173 | D:3      | Noticed a centaur
  2180 | D:3      | Shot with an arrow by a centaur

Vault maps used:
D:1:      dpeg_arrival_radiant
D:2:      nicolae_ru_sacrificial_ziggurat, okawaru_gym_becter
D:3:      nicolae_overflow_crystal_walls, minitemple,
          kennysheep_decorative_pillar, fountainhead

Action                   |  1- 3 |  4- 6 || total
-------------------------+-------+-------++-------
Melee: Trident           |   103 |    30 ||   133
Throw: Stone             |    72 |    33 ||   105
  Use: Scroll            |     6 |     4 ||    10
       Potion            |     2 |     1 ||     3
  Eat: Chunk             |     2 |     2 ||     4
